| TOP OF THE 1ST |
|
Denver Bears batting - Pitching for Oklahoma City 89ers : LHP Jesus Rios
|
|
Pitching: LHP Jesus Rios
|
|
|
Batting: LHB Dallas Williams
|
0-0: Ball 1-0: Ball 2-0: Swinging Strike 2-1: Ground out 6-3 (Groundball, 6S, EV 88.8 MPH)
|
|
Batting: RHB Adolfo Feliz
|
0-0: Fly out, F2 (Popup, 2RF, EV 95.0 MPH)
|
|
Batting: LHB Lenny Dykstra
|
0-0: Ball 1-0: Foul Ball, location: 2F 1-1: Foul Ball, location: 2F 1-2: SINGLE (Line Drive, 89S, EV 89.4 MPH)
|
|
Batting: RHB Kirby Puckett
|
0-0: Ball 1-0: Ball 2-0: Foul Ball, location: 2F 2-1: Ball 3-1: Foul Ball, location: 2F 3-2: Ground out 6-3 (Groundball, 6, EV 85.6 MPH)
|
| Top of the 1st over - 0 runs, 1 hit, 0 errors, 1 left on base; Denver 0 - Oklahoma City 0 |
| BOTTOM OF THE 1ST |
|
Oklahoma City 89ers batting - Pitching for Denver Bears : RHP Curt Heidenreich
|
|
Pitching: RHP Curt Heidenreich
|
|
|
Batting: RHB James Glenn
|
0-0: Ball 1-0: Ball 2-0: Called Strike 2-1: Called Strike 2-2: Ball 3-2: Strikes out looking
|
|
Batting: RHB John Christensen
|
0-0: Called Strike 0-1: Swinging Strike 0-2: Ball 1-2: Strikes out swinging, 2-3 out at first.
|
|
Batting: RHB David Green
|
0-0: Ball 1-0: Ball 2-0: Called Strike 2-1: Foul Ball, location: 2F 2-2: Ball 3-2: Fly out, F8 (Flyball, 78D, EV 100.6 MPH)
|
| Bottom of the 1st over - 0 runs, 0 hits, 0 errors, 0 left on base; Denver 0 - Oklahoma City 0 |
| TOP OF THE 2ND |
|
Denver Bears batting - Pitching for Oklahoma City 89ers : LHP Jesus Rios
|
|
Batting: RHB Juan Alvarez
|
0-0: Ball 1-0: Called Strike 1-1: Foul Ball, location: 2F 1-2: Ball 2-2: Foul Ball, location: 2F 2-2: Fly out, F8 (Flyball, 8LM, EV 85.6 MPH)
|
|
Batting: RHB Raymond Borucki
|
0-0: Called Strike 0-1: Called Strike 0-2: Ball 1-2: Ball 2-2: Fly out, F9 (Flyball, 9S, EV 80.6 MPH)
|
|
Batting: LHB Tom Beyers
|
0-0: Ball 1-0: Swinging Strike 1-1: Called Strike 1-2: Strikes out swinging
|
| Top of the 2nd over - 0 runs, 0 hits, 0 errors, 0 left on base; Denver 0 - Oklahoma City 0 |
| BOTTOM OF THE 2ND |
|
Oklahoma City 89ers batting - Pitching for Denver Bears : RHP Curt Heidenreich
|
|
Batting: RHB Cecil Fielder
|
0-0: Foul Ball, location: 2F 0-1: Ball 1-1: Foul Ball, location: 2F 1-2: Strikes out swinging
|
|
Batting: LHB Tom O'Malley
|
0-0: Foul Ball, location: 2F 0-1: Ball 1-1: Ball 2-1: Called Strike 2-2: Strikes out looking
|
|
Batting: RHB Tim Tolman
|
0-0: Foul Ball, location: 2F 0-1: Ball 1-1: DOUBLE (Line Drive, 89M, EV 88.8 MPH)
|
|
Batting: RHB Nick Esasky
|
0-0: Ball 1-0: Ground out 6-3 (Groundball, 6, EV 80.6 MPH)
|
| Bottom of the 2nd over - 0 runs, 1 hit, 0 errors, 1 left on base; Denver 0 - Oklahoma City 0 |
| TOP OF THE 3RD |
|
Denver Bears batting - Pitching for Oklahoma City 89ers : LHP Jesus Rios
|
|
Batting: RHB Frank Lucy
|
0-0: Called Strike 0-1: Ball 1-1: Swinging Strike 1-2: Strikes out swinging
|
|
Batting: RHB Gomez Barahona
|
0-0: Foul Ball, location: 2F 0-1: Ball 1-1: Foul Ball, location: 2F 1-2: Strikes out looking
|
|
Batting: LHB Dallas Williams
|
0-0: Ball 1-0: Ground out 6-3 (Groundball, 6M, EV 103.1 MPH)
|
| Top of the 3rd over - 0 runs, 0 hits, 0 errors, 0 left on base; Denver 0 - Oklahoma City 0 |
| BOTTOM OF THE 3RD |
|
Oklahoma City 89ers batting - Pitching for Denver Bears : RHP Curt Heidenreich
|
|
Batting: RHB Robert Bailey
|
0-0: Ground out 6-3 (Groundball, 6, EV 91.9 MPH)
|
|
Batting: RHB Danny Jasso
|
0-0: Ground out 6-3 (Groundball, 6, EV 86.9 MPH)
|
|
Batting: RHB James Glenn
|
0-0: Foul Ball, location: 2F 0-1: Ball 1-1: Ball 2-1: Foul Ball, location: 2F 2-2: Ball 3-2: Foul Ball, location: 2F 3-2: Foul Ball, location: 2F 3-2: DOUBLE (Line Drive, 89D, EV 103.8 MPH)
|
|
Batting: RHB John Christensen
|
0-0: Ball 1-0: Called Strike 1-1: Ball 2-1: Foul Ball, location: 2F 2-2: Ball 3-2: Base on Balls
|
|
Batting: RHB David Green
|
0-0: Ball Wild Pitch! James Glenn to third John Christensen to second 1-0: SINGLE (Flyball, 8LS, EV 87.5 MPH) James Glenn scores John Christensen to third Runner from 3rd tries for Home, SAFE, throw by CF to home
|
|
Batting: RHB Cecil Fielder
|
0-0: Ball 1-0: Ball Wild Pitch! David Green to second 2-0: Foul Ball, location: 2F 2-1: Called Strike 2-2: Ball 3-2: Base on Balls
|
|
Batting: LHB Tom O'Malley
|
0-0: Called Strike 0-1: Ground out 1-3 (Groundball, 15S, EV 73.1 MPH)
|
| Bottom of the 3rd over - 2 runs, 2 hits, 0 errors, 2 left on base; Denver 0 - Oklahoma City 2 |
| TOP OF THE 4TH |
|
Denver Bears batting - Pitching for Oklahoma City 89ers : LHP Jesus Rios
|
|
Batting: RHB Adolfo Feliz
|
0-0: Foul Ball, location: 2F 0-1: Foul Ball, location: 2F 0-2: Reached on error, E5 (Groundball, 56, EV 93.1 MPH)
|
|
Batting: LHB Lenny Dykstra
|
0-0: Ball 1-0: Called Strike 1-1: Ball 2-1: TRIPLE (Flyball, 78XD, EV 105.0 MPH) Adolfo Feliz scores
|
|
Batting: RHB Kirby Puckett
|
0-0: Ball 1-0: Ball 2-0: Foul Ball, location: 2F 2-1: Swinging Strike 2-2: Ball 3-2: Ground out 5-3 (Groundball, 5S, EV 73.1 MPH)
|
|
Batting: RHB Juan Alvarez
|
0-0: Called Strike 0-1: Called Strike 0-2: Foul Ball, location: 2F 0-2: Strikes out looking
|
|
Batting: RHB Raymond Borucki
|
0-0: Called Strike Passed Ball! Lenny Dykstra scores 0-1: Ball 1-1: Fly out, F8 (Flyball, 89S, EV 88.8 MPH)
|
| Top of the 4th over - 2 runs, 1 hit, 1 error, 0 left on base; Denver 2 - Oklahoma City 2 |
| BOTTOM OF THE 4TH |
|
Oklahoma City 89ers batting - Pitching for Denver Bears : RHP Curt Heidenreich
|
|
Batting: RHB Tim Tolman
|
0-0: Called Strike 0-1: Ground out 6-3 (Groundball, 56, EV 81.3 MPH)
|
|
Batting: RHB Nick Esasky
|
0-0: Ground out 6-3 (Groundball, 6, EV 103.1 MPH)
|
|
Batting: RHB Robert Bailey
|
0-0: Ball 1-0: Ball 2-0: Called Strike 2-1: Called Strike 2-2: Ground out 4-3 (Groundball, 34, EV 88.1 MPH)
|
| Bottom of the 4th over - 0 runs, 0 hits, 0 errors, 0 left on base; Denver 2 - Oklahoma City 2 |
| TOP OF THE 5TH |
|
Denver Bears batting - Pitching for Oklahoma City 89ers : LHP Jesus Rios
|
|
Batting: LHB Tom Beyers
|
0-0: Ball 1-0: Fly out, F9 (Flyball, 9LM, EV 84.4 MPH)
|
|
Batting: RHB Frank Lucy
|
0-0: Foul Ball, location: 2F 0-1: Called Strike 0-2: DOUBLE (Flyball, 8RXD, EV 88.1 MPH)
|
|
Batting: RHB Gomez Barahona
|
0-0: Foul Ball, location: 2F 0-1: Ball 1-1: Foul Ball, location: 2F 1-2: Strikes out looking
|
|
Batting: LHB Dallas Williams
|
0-0: Ball 1-0: Swinging Strike 1-1: Ball 2-1: Ball 3-1: Base on Balls
|
|
Batting: RHB Adolfo Feliz
|
0-0: Fly out, F8 (Flyball, 8LD, EV 90.6 MPH)
|
| Top of the 5th over - 0 runs, 1 hit, 0 errors, 2 left on base; Denver 2 - Oklahoma City 2 |
| BOTTOM OF THE 5TH |
|
Oklahoma City 89ers batting - Pitching for Denver Bears : RHP Curt Heidenreich
|
|
Batting: RHB Danny Jasso
|
0-0: Ground out 4-3 (Groundball, 4, EV 88.8 MPH)
|
|
Batting: RHB James Glenn
|
0-0: Ball 1-0: Ball 2-0: Ground out 6-3 (Groundball, 6MD, EV 103.8 MPH)
|
|
Batting: RHB John Christensen
|
0-0: Ball 1-0: Swinging Strike 1-1: Ball 2-1: Foul Ball, location: 2F 2-2: Strikes out swinging
|
| Bottom of the 5th over - 0 runs, 0 hits, 0 errors, 0 left on base; Denver 2 - Oklahoma City 2 |
| TOP OF THE 6TH |
|
Denver Bears batting - Pitching for Oklahoma City 89ers : LHP Jesus Rios
|
|
Batting: LHB Lenny Dykstra
|
0-0: Ground out 3-1 (Groundball, 13, EV 88.1 MPH)
|
|
Batting: RHB Kirby Puckett
|
0-0: Ball 1-0: Ball 2-0: Foul Ball, location: 2F 2-1: Ball 3-1: Called Strike 3-2: Strikes out swinging
|
|
Batting: RHB Juan Alvarez
|
0-0: Ground out 6-3 (Groundball, 6D, EV 82.5 MPH)
|
| Top of the 6th over - 0 runs, 0 hits, 0 errors, 0 left on base; Denver 2 - Oklahoma City 2 |
| BOTTOM OF THE 6TH |
|
Oklahoma City 89ers batting - Pitching for Denver Bears : RHP Curt Heidenreich
|
|
Batting: RHB David Green
|
0-0: Ball 1-0: TRIPLE (Flyball, 89XD, EV 95.0 MPH)
|
|
Batting: RHB Cecil Fielder
|
0-0: Ball 1-0: Ball 2-0: Ball 3-0: Called Strike 3-1: Base on Balls
|
|
Batting: LHB Tom O'Malley
|
0-0: Grounds into double play, 4-6-3 (Groundball, 4, EV 98.8 MPH) David Green scores
|
|
Batting: RHB Tim Tolman
|
0-0: Ball 1-0: Called Strike 1-1: Ball 2-1: Ball 3-1: SINGLE (Line Drive, 6MD, EV 96.9 MPH)
|
|
Batting: RHB Nick Esasky
|
0-0: Foul Ball, location: 2F 0-1: Ball 1-1: Ball 2-1: Ball 3-1: Fly out, F9 (Flyball, 89M, EV 85.0 MPH)
|
| Bottom of the 6th over - 1 run, 2 hits, 0 errors, 1 left on base; Denver 2 - Oklahoma City 3 |
| TOP OF THE 7TH |
|
Denver Bears batting - Pitching for Oklahoma City 89ers : LHP Jesus Rios
|
|
Batting: RHB Raymond Borucki
|
0-0: Called Strike 0-1: Ball 1-1: Ball 2-1: Ball 3-1: Foul Ball, location: 2F 3-2: SINGLE (Flyball, 78S, EV 98.8 MPH)
|
|
Pinch Hitting: RHB Victor Woods
|
0-0: Fly out, F5 (Popup, 56, EV 60.0 MPH)
|
|
Batting: RHB Frank Lucy
|
0-0: Swinging Strike 0-1: Fly out, F8 (Line Drive, 8LD, EV 87.5 MPH)
|
|
Batting: RHB Gomez Barahona
|
0-0: Reached on error, E5 (Groundball, 56S, EV 87.5 MPH) Raymond Borucki to second
|
|
Batting: LHB Dallas Williams
|
0-0: Fly out, F7 (Flyball, 7S, EV 85.6 MPH)
|
| Top of the 7th over - 0 runs, 1 hit, 1 error, 2 left on base; Denver 2 - Oklahoma City 3 |
| BOTTOM OF THE 7TH |
|
Oklahoma City 89ers batting - Pitching for Denver Bears : RHP Curt Heidenreich
|
|
Now in CF: Victor Woods
|
|
|
Batting: RHB Robert Bailey
|
0-0: SINGLE (Groundball, 13, EV 90.0 MPH) (infield hit)
|
|
Batting: RHB Danny Jasso
|
0-0: Bunt missed! 0-1: Ball 1-1: Sac Bunt to 2L - play at first, batter OUT! 2-4 Robert Bailey to second
|
|
Batting: RHB James Glenn
|
0-0: Called Strike 0-1: Ball 1-1: Ball 2-1: SINGLE (Groundball, 34D, EV 96.9 MPH) Robert Bailey to third Runner from 3rd tries for Home, SAFE, throw by RF to home
|
|
Batting: RHB John Christensen
|
0-0: Ball 1-0: Ball 2-0: Fly out, F7 (Line Drive, 7, EV 93.8 MPH)
|
|
Batting: RHB David Green
|
0-0: Ball 1-0: Ball 2-0: Called Strike 2-1: Foul Ball, location: 2F 2-2: Strikes out swinging
|
| Bottom of the 7th over - 1 run, 2 hits, 0 errors, 1 left on base; Denver 2 - Oklahoma City 4 |
| TOP OF THE 8TH |
|
Denver Bears batting - Pitching for Oklahoma City 89ers : LHP Jesus Rios
|
|
Batting: RHB Adolfo Feliz
|
0-0: Called Strike 0-1: Ball 1-1: Swinging Strike 1-2: Ball 2-2: Ground out 5-3 (Groundball, 5S, EV 72.5 MPH)
|
|
Batting: LHB Lenny Dykstra
|
0-0: Ground out 6-3 (Groundball, 6, EV 86.3 MPH)
|
|
Batting: RHB Kirby Puckett
|
0-0: Called Strike 0-1: Foul Ball, location: 2F 0-2: Strikes out looking
|
| Top of the 8th over - 0 runs, 0 hits, 0 errors, 0 left on base; Denver 2 - Oklahoma City 4 |
| BOTTOM OF THE 8TH |
|
Oklahoma City 89ers batting - Pitching for Denver Bears : RHP Curt Heidenreich
|
|
Batting: RHB Cecil Fielder
|
0-0: Called Strike 0-1: Fly out, F9 (Flyball, 9D, EV 95.0 MPH)
|
|
Batting: LHB Tom O'Malley
|
0-0: Ball 1-0: Called Strike 1-1: Ball 2-1: Fly out, F8 (Line Drive, 8RM, EV 95.6 MPH)
|
|
Batting: RHB Tim Tolman
|
0-0: Called Strike 0-1: Ball 1-1: Fly out, F9 (Flyball, 9, EV 85.0 MPH)
|
| Bottom of the 8th over - 0 runs, 0 hits, 0 errors, 0 left on base; Denver 2 - Oklahoma City 4 |
| TOP OF THE 9TH |
|
Denver Bears batting - Pitching for Oklahoma City 89ers : LHP Jesus Rios
|
|
Pitching: RHP Ernie Camacho
|
|
|
Now at 2B: Gregory Pastors
|
|
|
Now in CF: Ron Tingley
|
|
|
Batting: RHB Juan Alvarez
|
0-0: Ball 1-0: Ball 2-0: Fly out, F9 (Flyball, 89M, EV 98.8 MPH)
|
|
Batting: RHB Raymond Borucki
|
0-0: Ball 1-0: Ball 2-0: Called Strike 2-1: Ball 3-1: Called Strike 3-2: Foul Ball, location: 2F 3-2: Strikes out swinging
|
|
Batting: RHB Victor Woods
|
0-0: Called Strike 0-1: Foul Ball, location: 2F 0-2: Ball 1-2: Ground out 6-3 (Groundball, 56, EV 97.5 MPH)
|
| Top of the 9th over - 0 runs, 0 hits, 0 errors, 0 left on base; Denver 2 - Oklahoma City 4 |
|